 Dungeon Crawl Stone Soup version 0.30.0-5-g1a98f26d00 (webtiles) character file.

Game seed: 5387415482765840768

11423 qeuew the Protected (level 11, -3/67 HPs)
             Began as a Gargoyle Fighter on May 10, 2023.
             Was an Elder of Qazlal.
             Slain by Snorg (14 damage)
             ... on level 10 of the Dungeon.
             The game lasted 00:16:40 (9138 turns).

qeuew the Protected (Gargoyle Fighter)              Turns: 9138, Time: 00:16:40

Health: -3/67      AC: 19    Str: 28    XL:     11   Next: 77%
Magic:  18/18      EV: 10    Int: 12    God:    Qazlal [****..]
Gold:   227        SH: 12    Dex: 19    Spells: 19/19 levels left

rFire   . . .        y - +0 morningstar
rCold   . . .        c - +1 buckler
rNeg    + . .        v - +0 scale mail "Oduhafot" {*Slow Dex+8}
rPois   ∞            (no helmet)
rElec   +            p - +0 cloak
rCorr   +            (no gloves)
SInv    .            m - +0 pair of boots
Will    .....        o - amulet "Gogon" {Regen+ Int+3} Stlth
                     i - ring of resist corrosion
HPRegen 1.11/turn    f - +6 ring of strength
MPRegen 0.16/turn

%: slow self (1%), repel missiles
@: no status effects
A: sickness immunity, AC +8, negative energy resistance 1, electricity
resistance, torment resistance 1, petrification resistance
a: Renounce Religion, Upheaval, Elemental Force


You were on level 10 of the Dungeon.
You worshipped Qazlal.
Qazlal was greatly pleased with you.
You visited 2 branches of the dungeon, and saw 12 of its levels.
You also visited: Bailey.

You collected 533 gold pieces.
You spent 306 gold pieces at shops.

Inventory:

Hand Weapons
 y - a +0 morningstar (weapon)
Missiles
 w - 7 throwing nets
Armour
 c - a +1 buckler (worn)
 m - a +0 pair of boots (worn)
 p - a +0 cloak (worn)
 v - the +0 scale mail "Oduhafot" (worn) {*Slow Dex+8}
   (You bought it in a shop on level 10 of the Dungeon)

   Dex:       It affects your dexterity (+8).
   *Slow:     It may slow you when you take damage.
Jewellery
 b - a ring of wizardry
 f - a +6 ring of strength (right hand)
 i - a ring of resist corrosion (left hand)
 o - the amulet "Gogon" (around neck) {Regen+ Int+3}
   (You found it on level 3 of the Dungeon)

   [amulet of regeneration]

   Int:       It affects your intelligence (+3).
   Regen:     It increases your rate of health regeneration.
Wands
 t - a wand of polymorph (8)
 u - a wand of flame (16)
Scrolls
 a - a scroll of blinking
 e - a scroll of enchant weapon
 g - a scroll of enchant armour
 j - 6 scrolls of teleportation
 k - 4 scrolls of fog
 n - 2 scrolls of magic mapping
 r - a scroll of poison
Potions
 d - a potion of might
 h - 2 potions of flight
 q - a potion of invisibility
 s - a potion of curing
Miscellaneous
 l - a lightning rod (2/4) (quivered)


   Skills:
 + Level 7.3 Fighting
 * Level 8.9 Maces & Flails
 * Level 10.0 Armour
 + Level 7.3 Shields
 + Level 4.9 Spellcasting
 * Level 8.4 Invocations
 + Level 4.9 Evocations


You had 19 spell levels left.
You didn't know any spells.
Your spell library contained the following spells:

 Spells                   Type           Power      Damage    Failure   Level
 Freeze                   Ice            8%         1d3       41%         1
 Poisonous Vapours        Pois/Air       4%         N/A       56%         2
 Frozen Ramparts          Ice            4%         1d1       80%         3
 Hailstorm                Conj/Ice       2%         3d3       80%         3
 Ignite Poison            Fire/Tmut/Pois 2%         N/A       80%         3
 Mephitic Cloud           Conj/Pois/Air  2%         N/A       80%         3
 Anguish                  Hex/Necr       1%         N/A       99%         4
 Cause Fear               Hex            1%         N/A       99%         4
 Dispel Undead            Necr           2%         3d7       99%         4
 Petrify                  Tmut/Erth      2%         N/A       99%         4
 Freezing Cloud           Conj/Ice/Air   1%         6-21      100%        5
 Metabolic Englaciation   Hex/Ice        1%         N/A       100%        5
 Death Channel            Necr           1%         N/A       100%        6
 Enfeeble                 Hex            1%         N/A       100%        7
 Cigotuvi's Dreadful Rot  Necr/Pois/Air  Unusable   N/A       N/A         2
 Statue Form              Tmut/Erth      Unusable   N/A       N/A         6

Dungeon Overview and Level Annotations

Branches:
Dungeon (11/15)            Temple (1/1) D:4             Orc (0/2) D:9
 Bailey (visited)
   Lair: D:8-11

Altars:
Ashenzari
Cheibriados
Dithmenos
Elyvilon
Fedhas
Gozag
Hepliaklqana
Kikubaaqudgha
Makhleb
Nemelex Xobeh
Okawaru
Qazlal
Ru
Sif Muna
Trog
Uskayaw
Vehumet
Wu Jian
Xom
Yredelemnul
Zin
The Shining One

Shops:
D:1 ?   D:6 (*   D:9 *   D:10 [

Annotations:
D:10 Snorg


Innate Abilities, Weirdness & Mutations

You are immune to sickness and miasma.
Your stone body is resilient. (AC +8)
You are immune to poison.
You resist negative energy. (rN+)
You are resistant to electric shocks. (rElec)
You are resistant to unholy torment.
You are immune to petrification.


Message History

You climb upwards.
There is a stone staircase leading down here.
Unknown command.
You puncture the yak!
The yak is moderately wounded.
The yak gores you but does no damage. You block Snorg's attack. x2
Snorg claws you but does no damage. The yak barely misses you.
The yak is engulfed in freezing vapours.
The yak gores you but does no damage.
You bludgeon the yak!!
The yak is severely wounded.
You block the yak's attack.
Snorg goes berserk!
The yak gores you.
The yak is engulfed in freezing vapours.
The yak gores you but does no damage.
Unknown command.
You puncture the yak!
You kill the yak!
Qazlal accepts your kill.
You block Snorg's attack. x2; Snorg claws you.
The yak gores you! The yak completely misses you.
Your Armour skill increases to level 10!
Snorg rages.
You block the yak's attack. You block Snorg's attack.
Snorg claws you but does no damage. x2
You see here a yak corpse.
Unknown command.
You hit Snorg but do no damage. Snorg bites you! Snorg barely misses you.
Snorg claws you! You block the yak's attack.
You sock Snorg!
Snorg is lightly wounded.
You block Snorg's attack. Snorg claws you! Snorg barely misses you.
The yak completely misses you. The yak gores you but does no damage.
Snorg bites you but does no damage. Snorg claws you but does no damage.
You block Snorg's attack.
You sock Snorg!
Snorg is lightly wounded.
Snorg bites you!!
* * * LOW HITPOINT WARNING * * *
Snorg claws you!
You die...

.......................## ##.....
.......................# #.....
.......................## ##.....
........................###......
.................................
......###........................
.....## ##....°§.○...............
#....# #......TY○..............
...[.## ##......@Y...............
......###.......○..............>.
...............☼.................
........................###......
.......................## ##.....
.......................# #.....
.......................## ##.....
.............###........###......
............## ##...............#


You could see Snorg (berserk) and 2 yaks.

Vanquished Creatures
  A hydra (D:9)
  A two-headed ogre (D:10)
  A boulder beetle (D:9)
  Nergalle (D:10)
  A cyclops (D:9)
  Joseph (D:9)
  2 hornets
  Grinder (D:5)
  A shadow (D:8)
  A wyvern (D:9)
  A wraith (D:10)
  6 yaks
  Grum (D:9)
  Menkaure (D:5)
  An acid dragon (D:10)
  5 orc warriors
  2 black bears
  An ice beast (D:5)
  3 sky beasts
  2 ogres
  7 wolves
  3 centaurs
  2 phantoms
  5 kobold brigands
  2 bullfrogs (D:8)
  9 gnoll sergeants (Bailey)
  4 scorpions
  5 wights (D:7)
  20 killer bees
  5 jellies
  8 orc priests
  10 gnoll boudas
  6 hounds
  2 sleepcaps
  6 iguanas
  Ijyb (D:4)
  5 orc wizards
  21 gnolls
  4 adders
  A white imp (D:6)
  3 ufetubi
  2 worms (D:3)
  4 dart slugs
  43 orcs
  5 ball pythons
  7 endoplasms
  A giant cockroach (D:1)
  6 goblins
  5 hobgoblins
  23 kobolds
  6 quokkas
  3 bats
  3 frilled lizards
  5 rats
276 creatures vanquished.

Vanquished Creatures (collateral kills)
  A gnoll (Bailey)
1 creature vanquished.

Vanquished Creatures (others)
  An orc wizard (D:9)
1 creature vanquished.

Grand Total: 278 creatures vanquished

Notes
Turn   | Place    | Note
-------+----------+-------------------------------------------
     0 | D:1      | qeuew the Gargoyle Fighter began the quest for the Orb.
     0 | D:1      | Reached XP level 1. HP: 14/14 MP: 1/1
   215 | D:1      | Reached XP level 2. HP: 19/19 MP: 2/2
   541 | D:1      | Found Kady's Magic Scroll Shoppe.
   689 | D:1      | Found a faded altar of an unknown god.
   850 | D:1      | Reached XP level 3. HP: 21/23 MP: 3/3
  1328 | D:2      | You fall into a shaft and drop 2 floors!
  1354 | D:4      | Reached skill level 4 in Armour
  1354 | D:4      | Reached XP level 4. HP: 13/29 MP: 4/4
  1505 | D:4      | Noticed a phantom
  1522 | D:4      | Killed a phantom
  1523 | D:4      | Reached XP level 5. HP: 31/33 MP: 5/5
  1570 | D:4      | Noticed Ijyb
  1584 | D:4      | Killed Ijyb
  2335 | D:3      | Reached XP level 6. HP: 38/38 MP: 6/6
  2596 | D:3      | Reached skill level 5 in Armour
  2813 | D:3      | Identified the amulet "Gogon" {Regen+ Int+3}
  2929 | D:3      | Reached skill level 1 in Evocations
  3113 | D:4      | Found a staircase to the Ecumenical Temple.
  3124 | Temple   | Entered the Ecumenical Temple
  3284 | Temple   | Became a worshipper of Qazlal Stormbringer
  3338 | D:4      | Reached XP level 7. HP: 42/44 MP: 6/8
  3417 | D:4      | Reached skill level 1 in Spellcasting
  3417 | D:4      | Reached skill level 1 in Invocations
  4343 | D:5      | Entered Level 5 of the Dungeon
  4349 | D:5      | Reached skill level 6 in Armour
  4349 | D:5      | Reached XP level 8. HP: 48/48 MP: 10/10
  4367 | D:5      | Reached skill level 5 in Maces & Flails
  4535 | D:5      | Identified the staff of poison "Empiq" {+Blink rPois rN+
                  | Will++}
  4671 | D:5      | Reached * piety under Qazlal
  4677 | D:5      | Noticed Menkaure
  4689 | D:5      | Killed Menkaure
  4690 | D:5      | Reached skill level 5 in Fighting
  4690 | D:5      | Reached skill level 5 in Shields
  4845 | D:5      | Noticed Grinder
  4863 | D:5      | Paralysed by Grinder for 5 turns
  4876 | D:5      | Killed Grinder
  5135 | D:6      | Found Dihop's Assorted Antiques.
  5289 | D:6      | Found Ziqiagg's Weapon Shoppe.
  5333 | D:6      | Reached XP level 9. HP: 54/54 MP: 12/12
  5395 | D:6      | Reached skill level 7 in Armour
  6099 | D:7      | Found an ornate altar of the Wu Jian Council.
  6099 | D:7      | Found a hide-covered altar of Uskayaw.
  6099 | D:7      | Found a blossoming altar of Fedhas.
  6179 | D:7      | Reached skill level 5 in Invocations
  6524 | D:8      | Noticed a hornet
  6534 | D:8      | Killed a hornet
  6534 | D:8      | Reached ** piety under Qazlal
  6738 | D:8      | Reached XP level 10. HP: 48/60 MP: 14/14
  6744 | D:8      | Reached skill level 8 in Armour
  7069 | D:9      | Reached *** piety under Qazlal
  7069 | D:9      | Identified the +6 halberd "Zuwo" {vamp, rElec}
  7123 | D:9      | Found a flagged portal.
  7155 | D:9      | Noticed Joseph
  7200 | D:9      | Killed Joseph
  7224 | Bailey   | Entered a bailey
  7372 | Bailey   | Reached skill level 9 in Armour
  7393 | Bailey   | Reached XP level 11. HP: 29/66 MP: 4/17
  7679 | D:9      | Found a staircase to the Orcish Mines.
  7703 | D:9      | Found a shadowy altar of Dithmenos.
  7706 | D:9      | Found Wyps's Lightly-Used Armoury.
  7794 | D:9      | Noticed Grum
  7796 | D:9      | Noticed a four-headed hydra
  7799 | D:9      | Noticed a boulder beetle
  7806 | D:9      | Killed Grum
  7809 | D:9      | Killed a four-headed hydra
  7884 | D:9      | Killed a boulder beetle
  8099 | D:9      | Found a sparkling altar of Nemelex Xobeh.
  8252 | D:9      | Noticed a cyclops
  8257 | D:9      | Killed a cyclops
  8286 | D:9      | Found a snail-covered altar of Cheibriados.
  8316 | D:9      | Found an ancient bone altar of Kikubaaqudgha.
  8486 | D:10     | Entered Level 10 of the Dungeon
  8493 | D:10     | Noticed a two-headed ogre
  8508 | D:10     | Killed a two-headed ogre
  8710 | D:10     | Found a hazy altar of Hepliaklqana.
  8763 | D:10     | Found Archumeu's Antique Armour Shoppe.
  8763 | D:10     | Noticed Nergalle
  8776 | D:10     | Noticed a spectral orc warlord
  8777 | D:10     | Killed Nergalle
  8816 | D:10     | Bought a crude scale mail for 306 gold pieces
  8816 | D:10     | Identified the +0 scale mail "Oduhafot" {*Slow Dex+8} (You
                  | bought it in a shop on level 10 of the Dungeon)
  8861 | D:10     | Found a glowing golden altar of the Shining One.
  8885 | D:10     | Reached **** piety under Qazlal
  9128 | D:11     | Noticed Snorg
  9135 | D:10     | Reached skill level 10 in Armour
  9138 | D:10     | Slain by Snorg

Illustrated notes

Levels and vault maps discovered:
D:1:      matt_arrival_los_fun, layout_loops_corners, basic_ecumenical_altar,
          serial_shops, nicolae_shop_rolled_up, chequers_serial_rivers_large_b
D:2:      layout_loops_ring, chequers_serial_rivers_micro_d
D:3:      cheibrodos_thug_alley, layout_loops_ring
D:4:      layout_layer_cave, minmay_temple_entry_statues_fountains,
          nicolae_nh_ransacked_shop, uniq_ijyb
D:5:      layout_loops_ring, uniq_grinder, uniq_menkaure
D:6:      layout_basic, serial_shops, nicolae_shop_tiny_glass,
          nicolae_shop_temple_entry_statues_fountains, dk_noncrumbling_3
D:7:      layout_basic, chequers_temple_overflow_statue_of_worship
D:8:      layout_cave_pools, special_room [special_room_orc], st_stairs_4
D:9:      layout_loops_ring, lemuel_doored_altar, overflow_temple_1_default,
          mainiacjoe_overflow_six_doors_small, nemelex_diamond_rough_becter,
          enter_bailey_2, minivault_20, minmay_shop_damaged,
          small_statue_alley_b, uniq_grum, uniq_joseph
D:10:     layout_big_octagon, amcnicky_altar_gilded,
          nicolae_overflow_crystal_walls, serial_shops, shop,
          blue_anna_alchemist, uniq_nergalle
D:11:     layout_cave_pools, hellmonk_lair_entry_icy, uniq_snorg, uniq_harold,
          uniq_josephine
Temple:   nicolae_temple_bog_church

Skill      XL: |  1  2  3  4  5  6  7  8  9 10 11 |
---------------+----------------------------------+-----
Maces & Flails | 3 4 5 6 8 |  8.9
Armour         | 4 5 6 7 9 10 | 10.0
Fighting       | 4 5 6 7 |  7.3
Shields        | 4 5 6 7 |  7.3
Evocations     | 1 2 3 4 |  4.9
Spellcasting   | 1 2 3 4 |  4.9
Invocations    | 2 4 5 7 8 |  8.4

Action                     |  1- 3 |  4- 6 |  7- 9 | 10-12 || total
---------------------------+-------+-------+-------+-------++-------
  Melee: Flail             |   101 |   157 |   366 |    56 ||   680
         Unarmed           |       |       |    21 |       ||    21
         Morningstar       |       |       |       |   497 ||   497
  Throw: Throwing net      |       |       |       |     4 ||     4
 Invoke: Upheaval          |       |       |       |     4 ||     4
         Elemental Force   |       |       |       |     1 ||     1
  Evoke: Wand              |       |       |       |    10 ||    10
         Lightning rod     |       |       |       |     5 ||     5
    Use: Scroll            |     3 |     7 |     4 |     4 ||    18
         Potion            |       |     3 |     1 |     6 ||    10
   Stab: Held in net/web   |       |       |       |     2 ||     2
 Armour: Scale mail        |    61 |    76 |   234 |   382 ||   753
         Skin              |       |       |     1 |       ||     1
  Dodge: Dodged            |    55 |    56 |   208 |   384 ||   703
  Block: Buckler           |    20 |    38 |   145 |   510 ||   713
         Other             |       |       |     1 |       ||     1
